 Dungeon Crawl Stone Soup version 0.29.1-12-g30fa7ad0bf (webtiles) character file.

Game seed: 4171961819691367265

82 wormed the Conjurer (level 4, -1/30 HPs)
             Began as a Demonspawn Conjurer on Dec 27, 2022.
             Slain by Ijyb
             ... wielding a +0 club
              (2 damage)
             ... on level 3 of the Dungeon.
             The game lasted 00:05:06 (2665 turns).

wormed the Conjurer (Demonspawn Conjurer)           Turns: 2665, Time: 00:05:06

Health: -1/30      AC:  4    Str:  8    XL:     4   Next: 21%
Magic:  3/8        EV: 12    Int: 21    God:
Gold:   186        SH:  0    Dex: 11    Spells: 6/9 levels left

rFire   . . .      SeeInvis .   b - +0 dagger
rCold   . . .      Faith    .   (no shield)
rNeg    . . .      Spirit   .   a - +0 robe
rPois   .          Reflect  .   (no helmet)
rElec   .          Harm     .   (no cloak)
rCorr   .          Rampage  .   (no gloves)
Will    .....                   (no boots)
Stlth   ++........              (no amulet)
HPRegen 0.10/turn               (no ring)
MPRegen 0.11/turn               (no ring)

@: attractive, flying
A: hooves 1, yellow scales 1
a: no special abilities


You were on level 3 of the Dungeon.
You visited 1 branch of the dungeon, and saw 3 of its levels.

You collected 186 gold pieces.

Inventory:

Hand Weapons
 b - a +0 dagger (weapon)
Armour
 a - a +0 robe (worn)
Jewellery
 c - a ring of ice
Scrolls
 d - 2 scrolls of teleportation {unknown}
 e - a scroll of amnesia {unknown}
 f - a scroll of identify {unknown}
 j - a scroll of poison {unknown}
 k - 3 scrolls of vulnerability {unknown}
Potions
 h - 2 potions of attraction


   Skills:
 - Level 2.0 Dodging
 - Level 2.0 Stealth
 + Level 3.1 Spellcasting
 + Level 4.8 Conjurations


You had 6 spell levels left.
You knew the following spells:

 Your Spells              Type           Power      Damage    Failure   Level
a - Magic Dart            Conj           92%        1d7       1%          1
b - Searing Ray           Conj           46%        2d6       2%          2

Your spell library contained the following spells:

 Spells                   Type           Power      Damage    Failure   Level
 Dazzling Flash           Conj/Hex       26%        N/A       14%         3
 Fulminant Prism          Conj/Hex       6%         3d7       43%         4
 Iskenderun's Mystic Bla  Conj/Tloc      13%        2d5       43%         4
 Animate Dead             Necr           3%         N/A       78%         4
 Haunt                    Necr/Summ      1%         N/A       100%        7
 Infestation              Necr           1%         N/A       100%        8


Dungeon Overview and Level Annotations

Branches:
Dungeon (3/15)

Altars:

Shops:
D:2 [(?([

Annotations:
D:3 Ijyb


Innate Abilities, Weirdness & Mutations

You have large cloven feet.
You are partially covered in yellow scales. (AC +2)


Message History

Ijyb zaps a wand.
The roots erupt in riotous growth!
The grasping roots grab you!
Ijyb is unaffected.
The grasping roots constrict you.
* * * LOW HITPOINT WARNING * * *
You hear a shout!
It was a potion of flight.
You feel very buoyant.
You fly up into the air.
Ijyb barely misses you. The grasping roots constrict you.
You're too confused to cast spells.
You escape the roots grasp.
Ijyb attacks as you move away! Ijyb hits you with a +0 club.
* * * LOW HITPOINT WARNING * * *
You're too confused to move!
You feel less invigorated.
You feel less confused. Ijyb hits you with a +0 club.
You hit Ijyb but do no damage.
Ijyb is moderately wounded.
Ijyb hits you with a +0 club.
* * * LOW HITPOINT WARNING * * *
Casting: Searing Ray (safe; 2% risk of failure)
Confirm with . or Enter, or press ? or * to list all spells.
Aiming: Searing Ray (safe; 2% risk of failure)
Press: ? - help, Shift-Dir - straight line, f/p - Ijyb
Aim: Ijyb, wielding a +0 club, wearing a +0 chain mail and carrying a wand of roots (5) (moderately wounded, 78% to hit)
The searing ray hits Ijyb but does no damage.
Ijyb is moderately wounded. (Press . to maintain the ray.) Ijyb hits you with a +0 club.
* * * LOW HITPOINT WARNING * * *
The searing ray misses Ijyb.
Ijyb hits you with a +0 club.
* * * LOW HITPOINT WARNING * * *
The searing ray hits Ijyb but does no damage.
Ijyb is moderately wounded.
Ijyb completely misses you.
The searing ray hits Ijyb.
Ijyb is heavily wounded.
You finish channelling your searing ray.
Ijyb hits you with a +0 club.
You die...

#........######
#........#
#....)...#
#####'#### #.#
#.########
#.##.....#
#g##.###.#
#@##..<#.#
#.######.#
#........#
##########


You could see Ijyb.

Vanquished Creatures
  A gnoll (D:3)
  An adder (D:2)
  2 worms (D:2)
  7 dart slugs
  4 endoplasms
  3 giant cockroaches
  4 goblins
  5 hobgoblins
  4 jackals
  3 ball pythons
  3 bats
  3 kobolds
  2 rats
42 creatures vanquished.

Notes
Turn   | Place    | Note
-------+----------+-------------------------------------------
     0 | D:1      | wormed the Demonspawn Conjurer began the quest for the Orb.
     0 | D:1      | Reached XP level 1. HP: 13/13 MP: 3/3
   349 | D:1      | Gained mutation: You have large cloven feet. [demonic
                  | ancestry]
   349 | D:1      | Reached XP level 2. HP: 19/19 MP: 1/5
   589 | D:1      | Learned a level 2 spell: Searing Ray
  1109 | D:2      | Found a faded altar of an unknown god.
  1109 | D:2      | Found Vifib's Weapon Boutique.
  1132 | D:2      | Found Dyigim's Weapon Emporium.
  1134 | D:2      | Found Vyelets's Armour Emporium.
  1330 | D:2      | Gained mutation: You are partially covered in yellow
                  | scales. (AC +2) [demonic ancestry]
  1330 | D:2      | Reached XP level 3. HP: 24/24 MP: 3/6
  1388 | D:2      | Found Xifaalom's Magic Scroll Boutique.
  2125 | D:2      | Found Voloyfy's Armour Shoppe.
  2233 | D:3      | Noticed a phantom
  2234 | D:3      | Reached XP level 4. HP: 30/30 MP: 4/8
  2648 | D:3      | Noticed Ijyb
  2663 | D:3      | HP: 1/30 [Ijyb/+0 club (6)]
  2665 | D:3      | Slain by Ijyb

Illustrated notes

Levels and vault maps discovered:
D:1:      ncdulo_smallfort, layout_loops_ring
D:2:      layout_basic, serial_shops, shop, shop, shop,
          nicolae_shop_hallway_stairs, nicolae_shop_stone,
          ebering_ecumenical_altar_webs
D:3:      minmay_recursive_quarters, layout_basic, kennysheep_crisscross,
          minmay_diced_spiral, uniq_ijyb

Skill      XL: |  1  2  3 |
---------------+----------+-----
Dodging        | 2 |  2.0
Stealth        | 2 |  2.0
Spellcasting   | 3 |  3.1
Conjurations   | |  4.8

Action                   |  1- 3 |  4- 6 || total
-------------------------+-------+-------++-------
Melee: Unarmed           |     2 |       ||     2
       Dagger            |     9 |     4 ||    13
       Kick              |     3 |       ||     3
 Cast: Magic Dart        |    24 |       ||    24
       Searing Ray       |    23 |     8 ||    31
  Use: Potion            |     1 |     3 ||     4
Armor: Robe              |     6 |       ||     6
Dodge: Dodged            |    11 |     5 ||    16
